 Dungeon Sprint DCSS version 0.22-a0-542-gce4f928 (webtiles) character file.

29 raistware the Carver (level 9, -5/74 HPs)
             Began as a Black Draconian Fighter on June 24, 2018.
             Was an Initiate of Gozag.
             Killed themself with a badly aimed orb of electricity (8 damage)
             ... in the Dungeon (Sprint VI: "Thunderdome").
             The game lasted 00:06:16 (433 turns).

raistware the Carver (Black Draconian Fighter)       Turns: 433, Time: 00:06:18

Health: -5/74      AC:  8    Str: 25    XL:     9   Next: 90%
Magic:  9/9        EV: 17    Int:  8    God:    Gozag
Gold:   281        SH: 11    Dex: 12    Spells: 8/8 levels left

rFire    . . .     SeeInvis .   a - +0 long sword
rCold    . . .     Gourm    .   b - +0 shield
rNeg     . . .     Faith    .   (armour unavailable)
rPois    .         Spirit   .   (helmet restricted)
rElec    +         Reflect  .   (no cloak)
rCorr    .         Harm     .   o - +0 pair of gloves of Nemelex Xobeh's Envy {Str+4}
MR       .....     NoTele   +   (no boots)
Stlth    +.........             (no amulet)
HPRegen  0.22/turn              (no ring)
MPRegen  0.11/turn              (no ring)

@: gold aura
A: breathe lightning, unfitting armour, electricity resistance, cold-blooded, AC
+7
a: Breathe Lightning, Potion Petition, Call Merchant, Bribe Branch, Renounce
Religion


You were in the Dungeon.
You worshipped Gozag.
Gozag was aware of your devotion.
You were not hungry.

You visited 1 branch You collected 1213 gold pieces.
You spent 932 gold pieces at shops.

Inventory:

Hand Weapons
 a - a +0 long sword (weapon)
Armour
 b - a +0 shield (worn)
 o - the +0 pair of gloves of Nemelex Xobeh's Envy (worn) {Str+4}
   (You bought it in a shop in the Dungeon)

   It affects your strength (+4).
Wands
 k - a wand of acid (3)
 l - a wand of iceblast (4)
Scrolls
 j - 4 scrolls of blinking
 m - 3 scrolls of fog
Potions
 c - a potion of might
 g - 3 potions of haste
 h - 2 potions of magic
 n - a potion of resistance
Comestibles
 d - a ration


   Skills:
 - Level 5.3 Fighting
 + Level 13.8 Long Blades
 + Level 12.4 Dodging
 + Level 7.8 Shields


You had 8 spell levels left.
You didn't know any spells.
Your spell library was empty.

Dungeon Overview and Level Annotations

Branches:
Dungeon (1/1)

Altars:
Cheibriados
Dithmenos
Fedhas
Gozag
Kikubaaqudgha
Makhleb
Okawaru
Qazlal
Ru
Sif Muna
Trog
Uskayaw
Vehumet
Wu Jian
Xom
Yredelemnul
Zin
The Shining One
Beogh
Jiyva
Lugonu

Shops:
D *[%??*?*:[((!!!!


Innate Abilities, Weirdness & Mutations

You can breathe wild blasts of lightning.
Your glossy black scales are hard. (AC +7)
You cannot fit into any form of body armour.
You are resistant to electric shocks. (rElec)
You are cold-blooded and may be slowed by cold attacks.


Message History

The merfolk is moderately wounded.
You slash the merfolk!
You tail-slap the merfolk, but do no damage.
The merfolk is heavily wounded.
You block the merfolk's attack.
You hit the merfolk.
The merfolk is heavily wounded.
The merfolk hits you with a trident!
* * * LOW HITPOINT WARNING * * *
You hit the merfolk but do no damage.
The merfolk is heavily wounded.
You breathe a wild blast of lightning!
You hear a mighty clap of thunder!
The orb of electricity explodes!
The orb of electricity engulfs the merfolk.
The merfolk is almost dead.
The orb of electricity explodes!
The orb of electricity engulfs you! You resist.
You die...
Your body crumbles into a pile of gold.

#........_# #_......._#
#_........# ###.........###
#⌠...........⌠#
######.8..)(.....8.####
##∩___....))###......___
###∩....m...8.# #.8.......
##........@.[..###.........
#⌠..........###...###......
#⌠..........# #.<.# #......
#⌠.........)###...###......
##.........[...###.........
###∩........8.# #.8.......
##∩___......###......___
######.8.........8.####
#⌠...........⌠#


You could see a merfolk.

Vanquished Creatures
  Pikel (D)
  A merfolk siren (D)
  2 merfolk (D)
  2 hippogriffs (D)
  Jessica (D)
  Ijyb (D)
  A giant cockroach (D)
  2 goblins (D)
  A jackal (D)
  A quokka (D)
  A kobold (D)
14 creatures vanquished.

Notes
Turn   | Place    | Note
-------+----------+-------------------------------------------
     0 | D        | raistware the Draconian Fighter began the quest for the Orb.
     0 | D        | Reached XP level 1. HP: 19/19 MP: 1/1
     1 | D        | Found a viscous altar of Jiyva.
     1 | D        | Found a sacrificial altar of Ru.
     2 | D        | Found a deep blue altar of Sif Muna.
     2 | D        | Found a stormy altar of Qazlal.
     5 | D        | Found a radiant altar of Vehumet.
     5 | D        | Round 1.
     6 | D        | Found an opulent altar of Gozag.
     6 | D        | Found a roughly hewn altar of Beogh.
     7 | D        | Noticed Jessica
     7 | D        | Found a corrupted altar of Lugonu.
     7 | D        | Found a burning altar of Makhleb.
     8 | D        | Found Lysk's Distillery.
     8 | D        | Found an ornate altar of the Wu Jian Council.
     8 | D        | Found a shadowy altar of Dithmenos.
     8 | D        | Found Geppess's Do-It-Yourself Clinic.
     9 | D        | Found Keafewuh's Distillery.
     9 | D        | Found Hewuen's Bottled Wisdom.
    14 | D        | Became a worshipper of Gozag Ym Sagoz the Greedy
    16 | D        | Killed Jessica
    16 | D        | Reached skill level 6 in Long Blades
    16 | D        | Reached XP level 2. HP: 2/26 MP: 2/2
    36 | D        | Found a glowing golden altar of the Shining One.
    37 | D        | Reached XP level 3. HP: 24/31 MP: 3/3
    40 | D        | Found a snail-covered altar of Cheibriados.
    40 | D        | Found an iron altar of Okawaru.
    40 | D        | Found Muyllu's Weapon Rack.
    40 | D        | Found Teosak's Basic Armour.
    41 | D        | Found Nisuc's Miscellaneous Merchandise.
    52 | D        | Found Ysaareigh's Premium Goods.
    66 | D        | Found a glowing silver altar of Zin.
    66 | D        | Found Hiuwkead's Identification Station.
    66 | D        | Found Keoqoz's Advanced Armour.
    67 | D        | Found Heplaudgh's Jewellery.
    68 | D        | Found a basalt altar of Yredelemnul.
    68 | D        | Found an ancient bone altar of Kikubaaqudgha.
    68 | D        | Found a blossoming altar of Fedhas.
    68 | D        | Found Xysox's Delicious Food.
    73 | D        | Bought a pair of translucent gloves for 332 gold pieces
    78 | D        | Identified the +0 pair of gloves of Nemelex Xobeh's Envy {Str+4} (You bought it in a shop in the Dungeon)
    87 | D        | Found a shimmering altar of Xom.
    89 | D        | Found a hide-covered altar of Uskayaw.
    90 | D        | Found Ziamuwn's Magic Scroll Shop.
    91 | D        | Found Ejan's Magic Scroll Shop.
    91 | D        | Found Hein's Must-Have Magic.
    92 | D        | Found a bloodstained altar of Trog.
    92 | D        | Found Nomitug's Staff Store.
    93 | D        | Arena points: 5 (+5) [x1]
   108 | D        | Round 2.
   126 | D        | Noticed Ijyb
   137 | D        | Killed Ijyb
   137 | D        | Reached skill level 7 in Long Blades
   207 | D        | Noticed Pikel
   223 | D        | Killed Pikel
   223 | D        | Reached skill level 11 in Long Blades
   223 | D        | Reached XP level 4. HP: 25/38 MP: 4/4
   223 | D        | Reached XP level 5. HP: 29/45 MP: 5/5
   223 | D        | Reached XP level 6. HP: 34/51 MP: 6/6
   249 | D        | Arena points: 29 (+24) [x2]
   260 | D        | Bought a potion of experience for 300 gold pieces
   260 | D        | Reached skill level 12 in Long Blades
   260 | D        | Reached skill level 10 in Dodging
   260 | D        | Reached skill level 5 in Shields
   260 | D        | Your scales start taking on a glossy black colour.
   260 | D        | Reached XP level 7. HP: 35/57 MP: 7/7
   260 | D        | Gained mutation: You are resistant to electric shocks. (rElec) [Black Draconian growth]
   288 | D        | Round 3.
   293 | D        | Noticed a merfolk siren
   294 | D        | Noticed a merfolk
   312 | D        | Killed a merfolk siren
   312 | D        | Reached XP level 8. HP: 23/63 MP: 8/8
   313 | D        | Killed a merfolk
   313 | D        | Reached skill level 13 in Long Blades
   314 | D        | Noticed a hippogriff
   332 | D        | Killed a hippogriff
   339 | D        | Noticed a merfolk
   362 | D        | Killed a merfolk
   394 | D        | Bought a potion of experience for 300 gold pieces
   394 | D        | Reached skill level 5 in Fighting
   394 | D        | Reached XP level 9. HP: 45/74 MP: 9/9
   418 | D        | Noticed a merfolk
   431 | D        | HP: 2/74 [merfolk/trident (14)]
   433 | D        | Killed themself with a badly aimed orb of electricity

Vault maps used:
D:        arena_sprint

Skill      XL: |  1  2  3  4  5  6  7  8 |
---------------+-------------------------+-----
Long Blades    | 6 11 12 13 | 13.8
Dodging        | 9 10 12 | 12.4
Shields        | 5 7 |  7.8
Fighting       | 5 |  5.3

Action                   |  1- 3 |  4- 6 |  7- 9 || total
-------------------------+-------+-------+-------++-------
Melee: Long sword        |    36 |     4 |    43 ||    83
       Tailslap          |     5 |     2 |     9 ||    16
 Abil: Breathe Lightning |       |       |     2 ||     2
Evoke: Wand              |       |       |     3 ||     3
  Use: Potion            |     4 |     1 |     4 ||     9
Armor: Skin              |     8 |       |     3 ||    11
Dodge: Dodged            |    15 |     2 |    21 ||    38
Block: Shield            |    11 |     4 |    18 ||    33
       Rpst.: Long sword |     7 |       |       ||     7

Table legend:
 A = Spawn XP
 B = Non-spawn XP
 C = Spawn XP percentage of total XP
 D = Spawn monster count
 E = Non-spawn monster count
 F = Spawn count percentage of total count
 G = Total turns spent on level
                    A         B        C        D         E        F      G
               +---------+---------+-------+---------+---------+-------+---------
         Total |       0 |    2180 |   0.0 |       0 |      14 |   0.0 |   433
               +---------+---------+-------+---------+---------+-------+---------
             D |       0 |    2180 |   0.0 |       0 |      14 |   0.0 |   433
               +---------+---------+-------+---------+---------+-------+---------
